cohdb
Replays
Latest Replays
All Replays
Popular Replays
Top Player Replays
Match Explorer
How It Works
Community
CoH3 Stats
Reddit
Sign in to upload your games and track your stats! →
Sign in with Steam
Match 32312782
Unlisted
Match 32312782
Overview
Messages
Build Orders
End
Panzergrenadier Squad
Panzergrenadier Squad
250 Light Carrier
Construct Light Support Kompanie
Assault Grenadier Squad
Fire Support Elements
Advanced Field Repairs
Selects Guastatori Squad
Selects L6/40 Light Tank Combat Group
Flakvierling Half-track
Panzerpioneer Squad
Vehicle Survival Package
Selects Sound the Alarm
Panzerpioneer Squad
Selects Territory Booby Traps
Construct Mechanized Kompanie
8 Rad Armored Car
le.IG 18 Mechanized Group
Marder III Tank Destroyer
Selects Obice 305mm Barrage
Support Armor Elements
Selects Italian Combined Arms Battlegroup
Selects Italian Infantry
CPU - Hard
CPU - Hard
CPU - Hard
Falar7
gUi
骑士盖文
0
0
Comments
sign in to comment!
No comments posted yet!